 Dungeon Crawl Stone Soup version 0.30-b1-2-g02819fbbbe (webtiles) character file.

Game seed: 9061909044744022812

128 Alarkh the Insei (level 4, -6/35 HPs)
             Began as a Demonspawn Chaos Knight on May 21, 2023.
             Was a Plaything of Xom.
             Killed from afar by an orc wizard (9 damage)
             ... with a magic dart
             ... on level 3 of the Dungeon.
             The game lasted 00:03:04 (1925 turns).

Alarkh the Insei (Demonspawn Chaos Knight)          Turns: 1925, Time: 00:03:04

Health: -6/35      AC:  5    Str: 12    XL:     4   Next: 86%
Magic:  4/4        EV: 13    Int: 15    God:    Xom [.*....]
Gold:   77         SH:  4    Dex: 13    Spells: 3/3 levels left

rFire   + .          .
                       - Unarmed
rCold   . . .        (no shield)
rNeg    . . .        a - +2 leather armour
rPois   .            (no helmet)
rElec   .            (no cloak)
rCorr   .            (no gloves)
SInv    .            (no boots)
Will    .....        (no amulet)
Stlth   +            d - ring of protection from fire
HPRegen 0.25/turn    (no ring)
MPRegen 0.09/turn

%: no passive effects
@: flying
A: repulsion field 1, condensation shield, hooves 1, high MP 1, no potion heal
1, MP-powered wands
a: Renounce Religion


You were on level 3 of the Dungeon.
You worshipped Xom.
You were a plaything of Xom.
You visited 1 branch of the dungeon, and saw 3 of its levels.
You also visited: Sewer.

You collected 77 gold pieces.

Inventory:

Armour
 a - a +2 leather armour (worn)
Jewellery
 d - a ring of protection from fire (left hand)
Scrolls
 f - a scroll of blinking
 r - 2 scrolls of identify
Potions
 c - a potion of attraction {unknown}
 e - 2 potions of might
 g - 2 potions of brilliance
 h - 2 potions of flight
 l - a potion of haste {unknown}
 m - a potion of mutation
Miscellaneous
 b - a piece from Xom's chessboard (15/15) (quivered)


   Skills:
 - Level 3.0 Fighting
 - Level 1.7 Armour
 - Level 0.8 Dodging
 + Level 5.1 Unarmed Combat


You had 3 spell levels left.
You didn't know any spells.
Your spell library contained the following spells:

 Spells                   Type           Power      Damage    Failure   Level
 Beastly Appendage        Tmut           0%         N/A       34%         1
 Wereblood                Tmut           0%         N/A       45%         2
 Spider Form              Tmut/Pois      0%         N/A       71%         3


Dungeon Overview and Level Annotations

Branches:
Dungeon (3/15)              Sewer (visited)

Altars:

Shops:
D:2 (=(=


Innate Abilities, Weirdness & Mutations

You are surrounded by a mild repulsion field. (EV +2)
A meltable shield of frost defends you. (SH +4)
You have large cloven feet.
You have an increased reservoir of magic. (+10% MP)
Potions are less effective at restoring your health.
You expend magic power (3 MP) to strengthen your wands.


Message History

The orc wizard is lightly wounded.
The orc wizard closely misses you.
You closely miss the orc wizard.
The orc wizard hits you with a +4 dagger of chaos.
You are poisoned.
You are too injured to fight recklessly!
It was a potion of flight.
You feel very buoyant.
You fly up into the air.
Xom thinks this is hilarious!
You feel very sick. The orc wizard closely misses you.
It was a potion of mutation.
You feel extremely strange.
You feel your magical essence link to the dungeon's wands.
Your feet thicken and deform.
Your system partially rejects the healing effects of potions.
You feel more energetic.
You feel sick.
The orc wizard hits you with a +4 dagger of chaos.
* * * LOW HITPOINT WARNING * * *
The orc wizard freezes you.
* * * LOW HITPOINT WARNING * * *
Unknown command.
Okay, then.
You feel sick.
You feel sick.
There is a collapsed entrance here.
The orc wizard attacks as you move away!
You block the orc wizard's attack.
You feel sick.
You feel sick.
You feel sick.
A worm comes into view.
You feel sick.
You are no longer poisoned.
Found a sapphire ring. "Ka-boom!"
The fireball engulfs the worm!
The fireball engulfs the orc wizard!
The orc wizard gestures at you while chanting.
The magic dart hits you!
You die...

...* #..........###*********,*
...###....~.......,,,.#,,,,,,*
.......##~~≈~~##.#**#.#=******
.......##≈~~~~##.#,.....,,,*
.......~≈.....~≈.##.#w#,**,*
.......~≈).~..~~.#....*,**,*
.......~~...........#**,**,*
.......÷).....§~.#..#,,,**,*
.......~≈....o§~@...#,****,*
.......##≈~~§§##.#.##,* *,*
###)...##≈~~≈~##.#,#*,* *,*
...).....(.....~..,,,>* *,*
..)....##.......##.,******,*
....#####.......#*..,,,,,,,*
....#,,........##*,.#*******
...##,,........***,##
....#,,,,,,,,,,*,,,*


You could see a worm and an orc wizard.

Vanquished Creatures
  A jelly (Sewer)
  An adder (Sewer)
  4 river rats
  A worm (D:2)
  A dart slug (D:1)
  6 orcs (D:3)
  An endoplasm (D:1)
  A giant cockroach (D:2)
  3 goblins
  A hobgoblin (D:3)
  A jackal (D:1)
  A quokka (D:2)
  8 ball pythons
  2 bats
  7 frilled lizards (Sewer)
  11 rats
50 creatures vanquished.

Notes
Turn   | Place    | Note
-------+----------+-------------------------------------------
     0 | D:1      | Alarkh the Demonspawn Chaos Knight began the quest for the
                  | Orb.
     0 | D:1      | Reached XP level 1. HP: 18/18 MP: 1/1
    67 | D:1      | Reached skill level 3 in Unarmed Combat
   148 | D:1      | Gained mutation: You are surrounded by a mild repulsion
                  | field. (EV +2) [demonic ancestry]
   148 | D:1      | Reached XP level 2. HP: 4/24 MP: 2/2
   148 | D:1      | XOM: silly message
   160 | D:1      | XOM: silly message
   431 | D:1      | XOM: noise
   845 | D:2      | Found Namou's Jewellery Boutique.
  1051 | D:2      | Found Akiguw's Jewellery Emporium.
  1165 | D:2      | Found Tyna's Antique Weapon Shoppe.
  1243 | D:2      | Found Ififu's Antique Weapon Emporium.
  1313 | D:3      | Reached XP level 3. HP: 29/29 MP: 3/3
  1321 | D:3      | Reached skill level 4 in Unarmed Combat
  1343 | D:3      | Found a glowing drain.
  1367 | Sewer    | Entered a sewer
  1523 | Sewer    | Gained mutation: A meltable shield of frost defends you.
                  | (SH +4) [demonic ancestry]
  1523 | Sewer    | Reached XP level 4. HP: 25/35 MP: 4/4
  1536 | Sewer    | XOM: confusion (+ monsters)
  1791 | Sewer    | XOM: polymorph rat -> jelly
  1797 | Sewer    | Reached skill level 5 in Unarmed Combat
  1913 | D:3      | XOM: chaos upgrade
  1918 | D:3      | Gained mutation: You expend magic power (3 MP) to
                  | strengthen your wands. [potion of mutation]
  1918 | D:3      | Gained mutation: You have large cloven feet. [potion of
                  | mutation]
  1918 | D:3      | Gained mutation: Potions are less effective at restoring
                  | your health. [potion of mutation]
  1918 | D:3      | Gained mutation: You have an increased reservoir of magic.
                  | (+10% MP) [potion of mutation]
  1925 | D:3      | XOM: destruction
  1925 | D:3      | Killed from afar by an orc wizard

Illustrated notes

Levels and vault maps discovered:
D:1:      wheals_arrival_linesprint, layout_basic, minmay_misc_feat_ornament,
          minmay_tiny_reverse_x
D:2:      cheibrodos_pilgrimage, layout_loops_cross, serial_shops, shop, shop,
          shop_statue, shop
D:3:      layout_basic, gammafunk_temple_overflow_wave,
          cheibrodos_sewer_entry_sluice, uniq_terence

Skill      XL: |  1  2  3  4 |
---------------+-------------+-----
Unarmed Combat | 3 4 5 |  5.1
Fighting       | |  3.0
Armour         | |  1.7
Dodging        | |  0.8

Action                     |  1- 3 |  4- 6 || total
---------------------------+-------+-------++-------
  Melee: Unarmed           |   162 |    77 ||   239
         Punch             |     3 |       ||     3
    Use: Scroll            |     6 |       ||     6
         Potion            |     4 |     2 ||     6
   Stab: Sleeping          |     2 |       ||     2
 Armour: Leather armour    |    42 |    11 ||    53
  Dodge: Dodged            |    82 |    41 ||   123
  Block: Other             |       |    14 ||    14
